Arrhythmia, chaotic female vampiric Convict ---- ---- --..|---- --- |..| |...||..| --.--- |..| --- -------.|.|-..-- ----....| ---..--- --.-- ----- |..-|...|.|....| -...|.....-- ---.(....| --- |[..| |...--|...|.-.|.|-..-| |..........| |.(.----*----- ---^---...| |....|--........||...-- |..........-- #---.%*| --.....| |.........| ---..---........||-...| |...........-- -.......--......| |.......--- ---...|......d..||....| |.|..--......| ---.()...||.).....| --....--- ---|..........d.d|.||....| |.|..|-......| |.....----|...---.| --...| --.--.---......d@-|.|--..-- |...-- .--...| |....-- --..--|..| --..| |.....---......ddd|.|...-- |...| ------.--.| |..-| |..| --.---------..........^....%.|.|.|.| |<---- |...||.| |...--|..| --......[..^...-.--.......--|...|.| |.|-.--# |.|.--.| --...|--.| |..------.......|----..--- |.--|.--- |.|....- |.|....| |..-- |^| --..------.....-- |.^| --.| |...----......---- .-..--..---- |..| --.-- |....|.--...--- ---- |..-----..--..........---...||.....| ---- |...| --..........| |...| |...........................| --.-- --........-- --..| ------......-----..-- |....| --- ----.----- ---- ---..--- ---- --.--- --- ---- --- Arrhythmia the Jail-bird Experience level: 8 Strength: 14 Dexterity: 14 Constitution: 20 Intelligence: 9 Wisdom: 10 Charisma: 8 Health: 0(87) Energy: 44(44) AC: 0 Gold: 142 Moves: 4352 Your Inventory: Coins $ - 142 gold pieces Armor b - a cursed +0 striped shirt H - an [uncursed] +0 dwarvish mithril-coat (being worn) I - an [uncursed] +0 hard hat [dwarvish iron helm] (being worn) K - an [uncursed] +0 pair of hard shoes [iron] (being worn) Tools a - an [uncursed +0] unicorn horn g - an [uncursed] looking glass [mirror] y - an [uncursed tallow] candle z - an [uncursed wax] candle B - an [uncursed] blindfold E - an [uncursed] looking glass [mirror] Iron balls c - an [uncursed] heavy iron ball (alternate weapon; not wielded) Spells known in the end: Name Level Category Fail Memory Your skills at the end: Fighting Skills Weapon Skills sling [Basic / Skilled] Spellcasting Skills Final Attributes: You were piously aligned. Hunger level was 585. Your alignment was 31 / 31. Monster difficulty range was 0 - 6. Level difficulty was 5. You were immune to poison. You were immune to level-drain. You were immune to sickness. You could fly. You could survive without air. You regenerated. You were lucky (1). You are dead. Vanquished creatures: a black pudding an orc-captain 2 gnome kings a gold golem a white unicorn a gray unicorn a fire ant 2 water nymphs 5 Uruk-hai a fog cloud a violet fungus 2 gnome lords a gnomish wizard a kobold mummy a black naga hatchling a paper golem a floating eye 8 dwarves 2 rabid rats 4 orc zombies a werejackal 4 iguanas 2 killer bees 2 acid blobs 2 coyotes a gas spore 4 hobbits a large kobold 3 giant rats 26 gnomes 3 garter snakes 3 jackals a fox 2 kobolds a goblin 4 sewer rats 2 grid bugs a bat 5 lichens 5 kobold zombies 4 newts 115 creatures vanquished. Voluntary challenges: You went without food. You were illiterate. You never hit with a wielded weapon. You put on armor 17 times. You never genocided any monsters. You never polymorphed an object. You never changed form. You used no wishes. You abstained from Elbereth's help. You never encountered a bones level. You never used any Sokoban shortcuts. Dungeon overview: The Dungeons of Doom: levels 1 to 4 Level 1 (Ninfa) a fountain a long staircase Level 2 (Succ) a fountain Level 3 some fountains, a sink Level 4 a fountain stairs to The Gnomish Mines The Gnomish Mines: levels 5 to 6 Level 5 (Magic trap) <- You were here stairs to The Dungeons of Doom History has recorded: On T:1 you entered the Dungeons of Doom to retrieve the Amulet of Yendor! On T:302 you reached level 2 of The Dungeons of Doom. On T:742 you advanced to experience level 2. On T:749 you advanced to experience level 3. On T:1214 you advanced to experience level 4. On T:1273 you reached level 3 of The Dungeons of Doom. On T:1528 you advanced to experience level 5. On T:1645 you reached level 4 of The Dungeons of Doom. On T:1989 you reached level 1 of The Gnomish Mines. On T:2020 you advanced to experience level 6. On T:2488 you advanced to experience level 7. On T:2510 you reached level 2 of The Gnomish Mines. On T:3942 you advanced to experience level 8. Latest messages: The werewolf just misses! [HP-9=46] You miss the werewolf. You bite the werewolf. The winter wolf bites! (2x) The werewolf misses. [HP-10=36] You are empty handed. c - a heavy iron ball (alternate weapon; not wielded). You begin bashing monsters with your bare hands. You hit the werewolf. You miss the werewolf. The winter wolf misses. The winter wolf just misses! The werewolf summons help! The werewolf bites! [HP-11=25] The winter wolf is frightened by its reflection. The wolf bites! The winter wolf bites! (3x) You die... Final status: Goodbye Arrhythmia the Convict... You died in The Gnomish Mines on dungeon level 5 with 5088 points, and 142 pieces of gold, after 4352 moves. You were level 8 with a maximum of 87 hit points when you died.